 Dungeon Sprint DCSS version 0.28.0-53-g5a82cb258f (webtiles) character file.

Game seed: 15917660937743245164

4897 boopmooplesden the Fighter (level 10, -4/100 HPs)
             Began as a Minotaur Berserker on June 27, 2022.
             Was the Champion of Trog.
             Slain by a spriggan rider
             ... wielding a +0 spear
              (21 damage)
             ... in the Dungeon (Sprint IV: "Fedhas' Mad Dash").
             The game lasted 00:04:07 (3514 turns).

boopmooplesden the Fighter (Minotaur Berserker)     Turns: 3514, Time: 00:04:08

Health: -4/100     AC:  4    Str: 23    XL:     10   Next: 26%
Magic:  9/9        EV: 15    Int:  6    God:    Trog [******]
Gold:   145        SH:  0    Dex: 11    Spells: 9/9 levels left

rFire   . . .      SeeInvis .   q - +5 battleaxe (flame)
rCold   . . .      Faith    .   (shield currently unavailable)
rNeg    + . .      Spirit   .   n - +2 robe {rN+}
rPois   .          Reflect  .   (helmet restricted)
rElec   .          Harm     .   (no cloak)
rCorr   .          Rampage  .   (no gloves)
Will    ++...      NoTele   +   (no boots)
Stlth   +++++.....              i - amulet of invisibility {+Inv}
HPRegen 1.26/turn               (no ring)
MPRegen 0.11/turn               (no ring)

@: strong-willed (expiring), on berserk cooldown, regenerating (expiring),
slowed, very slow
A: horns 2, retaliatory headbutt
a: Renounce Religion, Evoke Invisibility, Berserk, Trog's Hand, Brothers in Arms


You were in the Dungeon.
You worshipped Trog.
Trog was exalted by your worship.
You visited 1 branch You collected 226 gold pieces.
You spent 81 gold pieces at shops.

Inventory:

Hand Weapons
 a - a +1 hand axe
 k - the +1 rapier "Bicleysch" {elec, rPois}
   (You found it in the Dungeon)

   It occasionally discharges a powerful burst of electricity upon striking a
   foe.
   rPois:     It protects you from poison.
 m - a +7 antimagic quick blade
 q - a +5 battleaxe of flaming (weapon)
Armour
 b - a +0 animal skin
 n - a +2 robe of positive energy (worn)
Jewellery
 i - the amulet of invisibility (around neck) {+Inv}
   (You found it in the Dungeon)

   [amulet of nothing]

   +Inv:      It lets you turn invisible.
Scrolls
 h - 2 scrolls of blinking
 j - 2 scrolls of amnesia
 l - 2 scrolls of identify
Potions
 c - a potion of curing
 d - a potion of heal wounds
 e - a potion of haste
 f - 2 potions of magic
 g - a potion of berserk rage
 p - 2 potions of flight {unknown}
Miscellaneous
 o - a lightning rod (4/4)


   Skills:
 + Level 12.6 Fighting
 + Level 9.2 Short Blades
 + Level 12.0 Axes
 + Level 5.6 Armour
 + Level 8.9 Dodging
 + Level 11.3 Stealth
 + Level 10.0 Evocations


You had 9 spell levels left.
You didn't know any spells.
Your spell library was empty.

Dungeon Overview and Level Annotations

Branches:
Dungeon (1/1)

Altars:
Cheibriados
Dithmenos
Elyvilon
Gozag
Hepliaklqana
Kikubaaqudgha
Makhleb
Nemelex Xobeh
Okawaru
Qazlal
Ru
Sif Muna
Trog
Uskayaw
Vehumet
Wu Jian
Xom
Yredelemnul
Zin
The Shining One
Beogh
Jiyva
Lugonu

Shops:
D (?**


Innate Abilities, Weirdness & Mutations

You have a pair of horns on your head.
You reflexively headbutt those who attack you in melee.


Message History

Your Short Blades skill increases to level 9!
Your Axes skill increases to level 12!
Your Stealth skill increases to level 11!
A spriggan opens the door.
A spriggan comes into view.
It is wielding a +1 dagger of electrocution.
Your skin crawls.
You feel strong-willed.
A red film seems to cover your vision as you go berserk!
You feel yourself moving faster!
You feel mighty! The spriggan hits you with a +0 dagger.
* * * LOW HITPOINT WARNING * * *
You hit the spriggan. You burn the spriggan.
The spriggan is moderately wounded.
The spriggan hits you with a +0 dagger.
* * * LOW HITPOINT WARNING * * *
You slice the spriggan!! You burn the spriggan!
You kill the spriggan!
Trog accepts your kill.
You closely miss the spriggan. The spriggan barely misses you.
You furiously retaliate!
You headbutt the spriggan. You slice the spriggan!! You burn the spriggan.
You kill the spriggan!
Trog accepts your kill.
Your Evocations skill increases to level 10!
A spriggan rider comes into view. It is wielding a +0 spear.
Items here: )) [[ †.
You feel a strong urge to attack something.
Items here: )) [[ †.
You feel your anger nearly subside.
You are no longer berserk.
You are exhausted.
You feel yourself slow down.
There is an open door, spattered with blood here.
The spriggan rider hits you with a +0 spear!
* * * LOW HITPOINT WARNING * * *
The spriggan rider misses you.
You slice the spriggan rider!! You burn the spriggan rider.
The spriggan rider is heavily wounded.
You feel the effects of Trog's Hand fading.
The spriggan rider hits you with a +0 spear!!
You die...

####################
_.⌠.#.(')..#....##∩#
._..'..#)..#....').#
_...#..###'##.))##∩#
._..#..##∩∩.'...#### .
_.⌠.############# ##...
#########......###.....♣
###.'..'.......'@i...♣
##:.#..#.P....)#######
###.##+##.P....# '...#
######## #####


You could see a spriggan rider.

Vanquished Creatures
  A spriggan druid (D)
  6 oklob plants (D)
  A demonic crawler (D)
  A queen bee (D)
  3 burning bushes (D)
  3 wandering mushrooms (D)
  3 scorpions (D)
  4 killer bees (D)
  5 oklob saplings (D)
  4 spriggans (D)
  A river rat (D)
  A rat (D)
  A ballistomycete spore (D)
34 creatures vanquished.

Notes
Turn   | Place    | Note
-------+----------+-------------------------------------------
     0 | D        | boopmooplesden the Minotaur Berserker began the quest for
                  | the Orb.
     0 | D        | Reached XP level 1. HP: 19/19 MP: 0/0
    13 | D        | Reached XP level 2. HP: 14/28 MP: 1/1
   269 | D        | Noticed an oklob sapling
   270 | D        | Killed an oklob sapling
   270 | D        | Reached ** piety under Trog
   271 | D        | Reached skill level 5 in Fighting
   271 | D        | Reached XP level 3. HP: 37/37 MP: 2/2
   272 | D        | Noticed a scorpion
   272 | D        | Found the amulet of invisibility {+Inv}
   274 | D        | Killed a scorpion
   275 | D        | Reached XP level 4. HP: 47/47 MP: 3/3
   521 | D        | Found an opulent altar of Gozag.
   521 | D        | Found a hazy altar of Hepliaklqana.
   521 | D        | Found a snail-covered altar of Cheibriados.
   761 | D        | Found a viscous altar of Jiyva.
   761 | D        | Found a burning altar of Makhleb.
   761 | D        | Found a sparkling altar of Nemelex Xobeh.
   761 | D        | Found a sacrificial altar of Ru.
   761 | D        | Found a shimmering blue altar of Sif Muna.
   761 | D        | Found a bloodstained altar of Trog.
   761 | D        | Found an ornate altar of the Wu Jian Council.
   761 | D        | Found a shimmering altar of Xom.
   761 | D        | Found a basalt altar of Yredelemnul.
   762 | D        | Found an iron altar of Okawaru.
   762 | D        | Found a shadowy altar of Dithmenos.
   762 | D        | Found a glowing silver altar of Zin.
   763 | D        | Found an ancient bone altar of Kikubaaqudgha.
   763 | D        | Found a hide-covered altar of Uskayaw.
   764 | D        | Found a stormy altar of Qazlal.
   764 | D        | Found a white marble altar of Elyvilon.
   764 | D        | Found a glowing golden altar of the Shining One.
   765 | D        | Found a corrupted altar of Lugonu.
   765 | D        | Found a radiant altar of Vehumet.
   774 | D        | Reached skill level 1 in Evocations
   774 | D        | Reached XP level 5. HP: 56/56 MP: 2/4
  1011 | D        | Reached *** piety under Trog
  1012 | D        | Reached skill level 1 in Stealth
  1145 | D        | Reached skill level 5 in Dodging
  1163 | D        | Reached skill level 5 in Armour
  1163 | D        | Reached XP level 6. HP: 41/66 MP: 3/5
  1610 | D        | Found Piyk's Magic Scroll Shop.
  1611 | D        | Found Soish's Weapon Emporium.
  1619 | D        | Noticed a burning bush
  1619 | D        | Noticed a wandering mushroom
  1620 | D        | Noticed a wandering mushroom
  1635 | D        | Reached **** piety under Trog
  1636 | D        | Reached skill level 10 in Fighting
  1636 | D        | Reached skill level 10 in Axes
  1638 | D        | Killed a wandering mushroom
  1639 | D        | Reached XP level 7. HP: 43/73 MP: 4/6
  2056 | D        | Killed a burning bush
  2057 | D        | Reached skill level 5 in Stealth
  2057 | D        | Reached skill level 5 in Evocations
  2443 | D        | Found Woocuh's Assorted Antiques.
  2444 | D        | Found Selikh's Assorted Antiques.
  2446 | D        | Identified the +1 rapier "Bicleysch" {elec, rPois}
  2452 | D        | Bought a scroll labelled DUESEU ZAXKIFEEHUR for 27 gold
                  | pieces
  2452 | D        | Bought 2 scrolls labelled XYUCU ZIL GEU for 54 gold pieces
  2497 | D        | Noticed a queen bee
  2502 | D        | Reached ***** piety under Trog
  2512 | D        | Killed a queen bee
  2513 | D        | Reached skill level 1 in Short Blades
  2513 | D        | Reached XP level 8. HP: 82/82 MP: 5/7
  2553 | D        | Noticed an oklob plant
  2560 | D        | Killed an oklob plant
  2573 | D        | Noticed a burning bush
  2576 | D        | Killed a burning bush
  2576 | D        | Received a gift from Trog
  2728 | D        | Noticed a burning bush
  2728 | D        | Noticed an oklob plant
  2729 | D        | Noticed a wandering mushroom
  2734 | D        | Killed a burning bush
  2735 | D        | Reached XP level 9. HP: 81/90 MP: 5/8
  2743 | D        | Killed an oklob plant
  2744 | D        | Reached skill level 5 in Short Blades
  2958 | D        | Noticed a spriggan druid
  2961 | D        | Killed a spriggan druid
  2995 | D        | Noticed an oklob plant conjurer
  2996 | D        | Killed an oklob plant conjurer
  2997 | D        | Reached skill level 10 in Stealth
  3149 | D        | Noticed an oklob plant
  3149 | D        | Noticed an oklob plant summoner
  3152 | D        | Noticed an oklob plant shifter
  3159 | D        | Killed an oklob plant
  3159 | D        | Reached ****** piety under Trog
  3164 | D        | Killed an oklob plant summoner
  3165 | D        | Reached XP level 10. HP: 99/99 MP: 7/9
  3169 | D        | Killed an oklob plant shifter
  3169 | D        | Received a gift from Trog
  3509 | D        | Reached skill level 10 in Evocations
  3509 | D        | Noticed a spriggan rider
  3514 | D        | Slain by a spriggan rider

Illustrated notes

Levels and vault maps discovered:
D:        dungeon_sprint_fedhas [sprint_temple]

Skill      XL: |  1  2  3  4  5  6  7  8  9 10 |
---------------+-------------------------------+-----
Fighting       | 4 5 7 8 9 10 11 12 | 12.6
Axes           | 4 6 7 8 9 10 11 12 | 12.0
Armour         | 3 4 5 |  5.6
Dodging        | 3 4 5 6 7 8 |  8.9
Evocations     | 1 2 4 6 7 9 10 | 10.0
Stealth        | 2 3 6 8 10 11 | 11.3
Short Blades   | 1 4 8 9 |  9.2

Action                   |  1- 3 |  4- 6 |  7- 9 | 10-12 || total
-------------------------+-------+-------+-------+-------++-------
Melee: Hand axe          |     9 |    30 |    17 |       ||    56
       Punch             |     1 |     1 |       |       ||     2
       Headbutt          |       |     3 |    21 |     6 ||    30
       Rapier            |       |       |    41 |     4 ||    45
       Battleaxe         |       |       |       |    11 ||    11
Invok: Berserk           |     1 |     2 |     1 |     1 ||     5
       Trog's Hand       |       |       |       |     1 ||     1
 Abil: Evoke Invisibilit |       |     5 |     7 |       ||    12
  Use: Scroll            |     1 |       |     2 |       ||     3
 Stab: Invisible         |       |     3 |     7 |     1 ||    11
       Sleeping          |       |     1 |     7 |     1 ||     9
Armor: Animal skin       |     4 |     2 |     1 |       ||     7
       Robe              |       |       |       |     1 ||     1
Dodge: Dodged            |     6 |    15 |    18 |     9 ||    48
